Map: Terrasses de Prion

Players

Worming

  • Race: Zerg Zerg
  • League: Diamond

Viniar (ArT) - Winner!

  • Race: Zerg Zerg
  • League: Diamond

VOD

Have the link to the VOD?

Description

Time

  • Played on: Nov. 14, 2015, 5:47 a.m.
  • Length: 6:43
Show
View Real Time Build Order
Export as new Build Order

Worming Zerg 

Build Orders: Hatch First 

Get SALT Encoding   

  12  0:01  Drone  
  13  0:13  Overlord  
  13  0:22  Drone  
  14  0:31  Drone x2  
  16  0:38  Drone  
  17  0:53  Hatchery  
  16  0:58  Drone, Extractor  
  16  1:01  Drone  
  17  1:15  Spawning Pool  
  16  1:19  Drone  
  16  1:22  Drone  
  18  1:30  Drone  
  19  1:42  Drone  
  20  1:51  Overlord  
  20  2:02  Queen  
  20  2:06  Queen  
  20  2:07  Zergling x4  
  26  2:10  Metabolic Boost  
  26  2:15  Drone  
  27  2:24  Drone, Zergling x2  
  27  2:27  Drone  
  30  2:34  Drone  
  31  2:39  Overlord  
  31  2:52  Baneling Nest  
  29  3:00  Drone x4  
  32  3:14  Drone x5  
  32  3:18  Drone x2  
  32  3:19  Drone  
  40  3:20  Overlord  
  40  3:25  Overlord  
  40  3:32  Zergling x2, Evolution Chamber  
  40  3:37  Queen  
  42  3:47  Extractor  
  41  3:49  Zergling x6  
  41  3:50  Zergling x4  
  46  3:56  Lair  
  46  3:59  Extractor  
  45  4:09  Zerg Missile Weapons Level 1  
  45  4:11  Spine Crawler  
  45  4:14  Zergling x16  
  52  4:23  Overlord  
  52  4:33  Roach Warren  
  43  5:03  Drone x5  
  43  5:04  Drone x2  
  43  5:06  Overlord  
  48  5:11  Overlord  
  48  5:12  Glial Reconstitution  
  48  5:13  Roach  
  52  5:14  Roach  
  52  5:16  Hatchery  
  52  5:18  Roach  
  53  5:32  Baneling  
  53  5:33  Baneling  
  53  5:34  Baneling  
  53  5:35  Baneling x2, Roach  
  55  5:36  Roach x5  
  64  5:59  Roach  
  64  6:00  Roach x5  
  75  6:12  Overlord x2  
  75  6:24  Roach  
Show
View Real Time Build Order
Export as new Build Order

Viniar Zerg - Winner!

Build Orders: Hatch First 

Get SALT Encoding   

  12  0:01  Drone  
  13  0:09  Drone  
  14  0:18  Overlord  
  14  0:37  Drone x2  
  16  0:48  Hatchery  
  15  1:05  Spawning Pool  
  15  1:06  Drone  
  15  1:10  Drone  
  16  1:15  Drone, Extractor  
  16  1:19  Drone  
  17  1:28  Drone  
  18  1:38  Drone  
  19  1:48  Overlord  
  19  1:52  Queen  
  21  1:59  Drone  
  21  2:00  Queen  
  24  2:02  Overlord  
  24  2:11  Drone  
  24  2:15  Drone  
  26  2:21  Drone  
  27  2:23  Metabolic Boost  
  27  2:26  Drone  
  28  2:32  Zergling x2  
  28  2:34  Queen  
  31  2:39  Zergling x2  
  32  2:46  Drone x2  
  32  2:49  Baneling Nest  
  33  2:54  Drone  
  34  3:02  Drone x4  
  38  3:06  Drone  
  39  3:15  Queen  
  39  3:18  Drone x3  
  44  3:26  Overlord x2  
  44  3:41  Extractor  
  44  3:42  Extractor  
  44  3:43  Zergling x4  
  44  3:44  Zergling x2  
  44  3:45  Zergling x2, Hatchery  
  46  3:55  Zergling x6  
  46  3:56  Zergling x2  
  46  4:00  Drone  
  49  4:09  Baneling x2  
  48  4:13  Drone x3  
  51  4:20  Drone  
  52  4:35  Roach Warren  
  52  4:37  Overlord x3  
  52  4:38  Overlord  
  50  5:14  Roach  
  50  5:15  Roach x13  
  50  5:18  Overlord x2  
  78  5:23  Baneling x2  
  78  5:38  Roach  
  78  5:39  Roach x8  
  96  5:44  Overlord  
  96  5:49  Zergling x6  
  99  5:50  Zergling x2  
  95  6:03  Zergling x2  
  96  6:04  Zergling x8  
  96  6:08  Overlord  
  96  6:10  Zergling x6  
  102  6:21  Zergling x2  
  102  6:22  Zergling x14  
Tags
 
Add a new tag
Caveats
  • Supply blocks, unpowered buildings, or Contaminate may cause inaccurate times.
  • Supply counts are checked every 10 seconds.